Map: Sequencer LE

Players

Kelazhur - Winner!

  • Race: Terran Terran
  • Spawn Location: 1:00

ShoWTimE

  • Race: Protoss Protoss
  • Spawn Location: 7:00

Event: WCS Jonkoping 2017

VOD

Have the link to the VOD?

Description

Time

  • Played on: June 17, 2017, 2:01 p.m.
  • Length: 16:56

All games in this series

Show
View Real Time Build Order
Export as new Build Order

Kelazhur Terran - Winner!

Build Orders: MMM Bio 

Get SALT Encoding   

  12  0:00  SCV  
  13  0:13  SCV  
  14  0:17  Supply Depot  
  14  0:25  SCV  
  15  0:39  SCV  
  15  0:42  Barracks  
  16  0:46  Refinery  
  16  0:51  SCV  
  17  0:58  Barracks  
  17  1:03  SCV  
  18  1:12  Engineering Bay  
  18  1:17  SCV  
  19  1:29  SCV  
  20  1:45  Orbital Command, Reaper  
  21  1:54  Command Center  
  21  2:05  Factory  
  21  2:10  SCV  
  22  2:17  Supply Depot  
  23  2:22  SCV  
  23  2:23  Barracks Reactor  
  23  2:25  Refinery  
  23  2:39  SCV  
  24  2:55  Starport  
  24  2:56  SCV  
  25  3:00  Widow Mine  
  25  3:01  Marine x2  
  29  3:05  Orbital Command  
  29  3:08  SCV  
  30  3:19  Marine x2  
  32  3:22  SCV  
  33  3:29  Widow Mine  
  33  3:30  Barracks  
  33  3:32  Medivac  
  37  3:34  SCV  
  37  3:37  Marine x2  
  40  3:43  SCV  
  40  3:46  SCV  
  41  3:54  Barracks  
  41  3:55  SCV, Marine x2, Supply Depot  
  44  3:58  SCV  
  45  4:06  Factory Tech Lab, Starport Tech Lab  
  45  4:08  SCV  
  46  4:15  SCV  
  46  4:16  Marine  
  46  4:18  Marine  
  46  4:19  Barracks Tech Lab  
  46  4:20  SCV  
  45  4:29  SCV, Viking  
  48  4:34  SCV  
  48  4:36  Marine x2  
  51  4:42  SCV  
  48  4:45  Marine  
  48  4:46  Stimpack, SCV  
  48  4:54  Marine x2, Factory Reactor, SCV  
  48  4:56  Marine  
  48  4:58  SCV  
  53  5:00  Supply Depot  
  53  5:02  Combat Shields, Engineering Bay  
  53  5:03  Marine  
  53  5:05  Starport Reactor  
  54  5:13  Supply Depot  
  54  5:21  Marine x3  
  54  5:22  SCV x2  
  54  5:23  Supply Depot  
  54  5:27  Marine  
  60  5:32  Refinery  
  60  5:34  SCV x2, Supply Depot  
  62  5:39  Refinery  
  62  5:44  Marine x3, Medivac x2  
  62  5:46  SCV x2  
  71  5:50  Supply Depot  
  71  5:57  Marine  
  70  5:58  SCV x2  
  70  6:01  Terran Infantry Weapons Level 1  
  70  6:02  Marine  
  74  6:05  Marine x2  
  74  6:10  SCV  
  77  6:14  Marine  
  77  6:15  SCV  
  77  6:19  Widow Mine x2  
  77  6:20  Marine, Supply Depot  
  77  6:24  Marine x2  
  77  6:25  Medivac  
  86  6:26  Medivac  
  86  6:28  SCV x2  
  86  6:32  Marine  
  91  6:38  Marine  
  92  6:40  SCV  
  92  6:42  Marine, Supply Depot  
  92  6:44  SCV  
  95  6:51  Command Center  
  95  6:52  Marine  
  95  6:53  Marine  
  97  6:59  Marine  
  97  7:00  Marine, SCV  
  99  7:08  SCV  
  100  7:10  Marine x2  
  101  7:20  SCV  
  102  7:23  Marine x2  
  102  7:25  Widow Mine x2  
  102  7:28  Marine, Barracks  
  102  7:29  Barracks  
  109  7:30  Armory, Missile Turret  
  109  7:34  Supply Depot  
  109  7:36  Engineering Bay  
  109  7:38  SCV  
  109  7:42  Supply Depot  
  110  7:48  Marine  
  110  7:51  Marine x2  
  110  7:57  Marine  
  104  8:05  Command Center  
  102  8:06  Marine  
  102  8:07  Widow Mine x2  
  102  8:09  Marine x2  
  102  8:12  Terran Infantry Armor Level 1  
  102  8:15  SCV x2  
  102  8:18  Marine x3  
  91  8:24  Marine  
  91  8:26  Supply Depot  
  91  8:27  SCV x2  
  91  8:28  Medivac x2  
  91  8:29  Supply Depot  
  91  8:32  Marine x2  
  95  8:35  Marine  
  95  8:36  Marauder  
  95  8:38  Terran Infantry Weapons Level 2  
  98  8:41  SCV x2  
  98  8:47  Marauder  
  103  8:50  Marine  
  103  8:53  Marine  
  105  9:00  Barracks Tech Lab  
  105  9:01  Barracks Reactor  
  104  9:10  Medivac x2  
  104  9:11  Marauder, Marine x2  
  104  9:12  Marauder, Supply Depot  
  104  9:15  Widow Mine x2, Supply Depot  
  118  9:25  SCV x2  
  120  9:34  Marauder x3, Marine x2  
  128  9:41  Missile Turret  
  128  9:44  Medivac, Widow Mine x2  
  128  9:45  Medivac  
  136  9:48  SCV  
  136  9:52  Marine  
  138  9:53  Marine x2  
  138  9:54  Marine  
  138  9:55  Marauder  
  138  9:56  Marauder  
  138  9:58  Orbital Command  
  145  10:00  Marauder, Refinery  
  145  10:01  Command Center  
  145  10:04  Supply Depot  
  147  10:09  Marine  
  147  10:17  Marauder x2  
  147  10:18  Widow Mine x2  
  147  10:19  Terran Infantry Armor Level 2  
  154  10:28  Marauder, Marine x4  
  160  10:38  Marauder, Marine  
  160  10:39  Medivac x2  
  156  10:45  Marine  
  156  10:46  Marine x3  
  161  10:50  Marauder  
  161  10:55  Starport  
  161  10:56  Marine  
  162  10:57  Fusion Core  
  162  11:02  Marauder  
  162  11:03  Marine x2, Widow Mine  
  166  11:09  Liberator x2  
  164  11:17  Marine x2  
  164  11:18  Marauder  
  164  11:20  Marauder  
  164  11:21  Marine  
  167  11:31  Terran Infantry Weapons Level 3  
  173  11:33  Marine x2  
  173  11:35  Liberator  
  173  11:40  Marauder  
  173  11:41  Marine  
  173  11:42  Missile Turret  
  172  11:51  Marauder, Marine, Liberator  
  172  11:52  Liberator  
  168  12:04  Marauder  
  174  12:18  Liberator  
  172  12:34  Liberator  
  172  12:35  Marauder x2, Marine  
  176  12:37  Marine  
  175  12:48  Marauder  
  175  12:50  Marine x2  
  168  12:56  Marauder  
  165  13:05  Marauder, Marine x2, Widow Mine x2  
  150  13:14  Marauder, Marine  
  150  13:19  Marauder  
  149  13:24  Medivac  
  149  13:43  Liberator x2  
  149  13:47  Planetary Fortress  
  149  13:50  Missile Turret  
  149  14:02  Starport Tech Lab  
  155  14:07  Liberator  
  155  14:09  Widow Mine x2  
  153  14:17  Marauder x2  
  161  14:26  Liberator  
  161  14:27  Marauder, Marine x2  
  161  14:30  Refinery  
  168  14:35  Liberator  
  168  14:38  Marauder, SCV, Refinery  
  168  14:39  Marine x2  
  168  14:40  Marauder  
  168  14:42  Starport, Command Center  
  168  14:43  Supply Depot  
  168  14:45  Marine  
  174  14:49  Marauder  
  174  14:50  SCV  
  180  15:06  Sensor Tower  
  180  15:12  Medivac, Advanced Ballistics  
  182  15:17  Marauder, Marine  
  185  15:32  Medivac  
  187  15:35  Medivac  
  187  15:39  Missile Turret  
  187  15:42  Medivac  
  191  15:49  Marauder x3, Marine x3  
  200  16:01  Marine  
  199  16:10  Marauder  
  199  16:20  Starport Reactor  
Show
View Real Time Build Order
Export as new Build Order

ShoWTimE Protoss 

Build Orders: 1 Gate Expand, Oracle Opening, Phoenix Opening 

Get SALT Encoding   

  12  0:00  Probe (Chrono Boost)  
  13  0:11  Probe (Chrono Boost)  
  14  0:17  Pylon  
  14  0:22  Probe (Chrono Boost)  
  16  0:35  Probe (Chrono Boost)  
  16  0:36  Gateway  
  16  0:42  Assimilator  
  16  0:46  Probe (Chrono Boost)  
  17  0:57  Probe (Chrono Boost)  
  18  1:07  Probe (Chrono Boost)  
  19  1:18  Probe (Chrono Boost)  
  20  1:25  Cybernetics Core  
  20  1:28  Probe (Chrono Boost)  
  21  1:37  Nexus  
  21  1:40  Probe (Chrono Boost)  
  22  1:47  Pylon  
  22  1:51  Probe (Chrono Boost)  
  23  1:55  Assimilator  
  23  2:05  Probe, Adept (Chrono Boost)  
  26  2:17  Probe  
  26  2:26  Stargate  
  26  2:29  Probe  
  27  2:36  Warp Gate  
  27  2:40  Adept (Chrono Boost)  
  27  2:41  Probe  
  30  2:51  Probe  
  30  2:53  Probe  
  32  3:02  Probe  
  33  3:05  Probe, Oracle (Chrono Boost)  
  37  3:13  Pylon, Probe  
  37  3:14  Adept (Chrono Boost)  
  37  3:18  Probe  
  41  3:26  Probe  
  42  3:30  Probe  
  43  3:38  Probe  
  43  3:41  Phoenix  
  44  3:42  Probe  
  47  3:50  Pylon  
  47  3:54  Mothership Core (Chrono Boost)  
  50  3:56  Probe (Chrono Boost)  
  50  3:58  Nexus  
  50  4:01  Pylon  
  50  4:07  Pylon  
  50  4:08  Probe (Chrono Boost)  
  50  4:09  Phoenix  
  51  4:14  Probe (Chrono Boost)  
  55  4:24  Probe x2 (Chrono Boost)  
  56  4:32  Gateway  
  56  4:34  Gateway  
  56  4:35  Probe (Chrono Boost), Phoenix  
  56  4:36  Probe (Chrono Boost)  
  61  4:45  Probe (Chrono Boost)  
  61  4:47  Assimilator  
  61  4:48  Probe (Chrono Boost), Assimilator  
  62  4:54  Twilight Council  
  62  4:55  Forge  
  62  4:58  Probe (Chrono Boost)  
  63  5:00  Phoenix  
  63  5:03  Probe (Chrono Boost)  
  66  5:08  Probe (Chrono Boost)  
  68  5:15  Probe x2 (Chrono Boost), Protoss Ground Weapons Level 1  
  68  5:19  Probe (Chrono Boost)  
  70  5:25  Probe (Chrono Boost)  
  70  5:26  Probe (Chrono Boost)  
  74  5:29  Probe (Chrono Boost)  
  74  5:31  Resonating Glaives (Chrono Boost)  
  73  5:35  Gateway  
  73  5:38  Gateway  
  73  5:44  Probe x2  
  73  5:46  Probe, Gateway  
  73  5:47  Gateway  
  73  5:49  Gateway  
  76  5:50  Phoenix  
  76  5:55  Probe  
  76  5:57  Probe  
  80  5:58  Probe  
  81  6:05  Pylon  
  81  6:07  Pylon  
  81  6:10  Pylon  
  81  6:14  Adept x3  
  81  6:16  Pylon  
  87  6:19  Robotics Facility  
  87  6:22  Phoenix  
  89  6:28  Pylon  
  89  6:46  Adept x8  
  105  6:47  Phoenix  
  105  6:53  Pylon  
  105  7:11  Adept x6  
  105  7:12  Phoenix, Adept x2  
  105  7:14  Blink (Chrono Boost)  
  123  7:19  Warp Prism (Chrono Boost)  
  125  7:26  Protoss Ground Armor Level 1 (Chrono Boost)  
  125  7:27  Pylon  
  125  7:30  Pylon  
  125  7:37  Phoenix  
  125  7:40  Adept x3  
  133  7:47  Pylon  
  133  7:49  Pylon  
  133  7:50  Adept x4  
  139  7:57  Adept  
  139  7:58  Observer (Chrono Boost)  
  141  8:03  Adept  
  134  8:06  Adept x2  
  134  8:09  Probe x2  
  134  8:11  Adept x2  
  130  8:15  Probe  
  130  8:18  Observer (Chrono Boost)  
  127  8:21  Probe  
  127  8:22  Probe  
  127  8:26  Photon Cannon  
  129  8:29  Probe  
  129  8:33  Mothership Core  
  130  8:40  Probe x2  
  131  8:44  Adept x4  
  140  8:50  Probe  
  140  8:52  Probe  
  140  8:54  Phoenix  
  142  9:00  Probe, Assimilator  
  142  9:01  Probe  
  144  9:04  Probe  
  144  9:05  Assimilator  
  145  9:10  Robotics Bay  
  145  9:12  Robotics Facility  
  145  9:20  Probe  
  145  9:22  Probe  
  145  9:24  Adept x4  
  149  9:26  Probe  
  154  9:34  Observer, Pylon  
  154  9:37  Protoss Ground Weapons Level 2 (Chrono Boost)  
  155  9:41  Nexus  
  155  9:48  Pylon  
  155  9:51  Colossus  
  155  9:52  Pylon  
  161  10:05  Colossus  
  167  10:15  Sentry x2  
  167  10:19  Pylon  
  171  10:21  Probe  
  171  10:22  Probe x2  
  171  10:23  Pylon  
  174  10:33  Adept x2  
  174  10:34  Adept x4  
  176  10:42  Phoenix  
  176  10:43  Probe x2  
  176  10:45  Colossus  
  186  11:02  Colossus  
  188  11:14  Probe  
  188  11:15  Probe  
  188  11:16  Probe  
  191  11:19  Sentry x2  
  195  11:26  Stalker  
  197  11:38  Forge  
  185  11:49  Stalker x2  
  185  11:50  Stalker x3  
  192  11:55  Stalker  
  190  12:08  Pylon  
  189  12:10  Pylon  
  189  12:12  Pylon  
  184  12:29  Adept x2  
  181  12:30  Adept x3  
  148  12:52  Stalker  
  148  12:53  Stalker  
  146  13:04  Protoss Ground Armor Level 2 (Chrono Boost)  
  131  13:27  Dark Shrine  
  131  13:30  Photon Cannon  
  131  13:33  Probe  
  131  13:34  Probe x2  
  133  13:43  Pylon  
  133  13:46  Probe  
  134  13:50  Probe  
  135  14:01  Stalker  
  137  14:05  Stalker  
  134  14:35  Probe, Pylon  
  134  14:36  Probe x2  
  137  14:45  Probe  
  138  14:58  Extended Thermal Lance (Chrono Boost)  
  138  15:07  Probe  
  138  15:08  Probe x2  
  141  15:20  Probe  
  142  15:25  Stalker x2  
  146  15:39  Stalker x3  
  152  15:46  Dark Templar  
  154  16:03  Stalker x3  
  160  16:16  Adept x2  
  162  16:20  Adept  
  158  16:26  Adept x2  
  131  16:50  Adept x3  
  131  16:51  Adept  
Tags
 
Add a new tag
Caveats
  • Supply blocks, unpowered buildings, or Contaminate may cause inaccurate times.
  • Supply counts are checked every 10 seconds.